 Dungeon Crawl Stone Soup version 0.29.0-4-gdea44cf6ec (webtiles) character file.

Game seed: 11319162174317626916

35 qw the Chopper (level 3, 0/21 HPs)
             Began as a Tengu Warper on Aug 28, 2022.
             Slain by Sigmund
             ... wielding a +0 scythe
              (5 damage)
             ... on level 2 of the Dungeon.
             The game lasted 00:00:08 (1284 turns).

qw the Chopper (Tengu Warper)                       Turns: 1284, Time: 00:00:09

Health: 0/21       AC:  0    Str: 13    XL:     3   Next: 33%
Magic:  7/7        EV: 19    Int: 13    God:
Gold:   92         SH:  0    Dex: 18    Spells: 6/6 levels left

rFire   . . .      SeeInvis .   (weapon currently unavailable)
rCold   . . .      Faith    .   (shield currently unavailable)
rNeg    . . .      Spirit   .   (body armour currently unavailable)
rPois   .          Reflect  .   (helmet currently unavailable)
rElec   .          Harm     .   (cloak currently unavailable)
rCorr   .          Rampage  .   (gloves currently unavailable)
Will    .....                   (boots unavailable)
Stlth   +.........              (no amulet)
HPRegen 0.07/turn               (ring currently unavailable)
MPRegen 0.10/turn               (ring currently unavailable)

@: confused, bat-form, flying, very quick
A: fast, flying, no casting, tiny, (beak), (talons 3)
a: no special abilities


You were on level 2 of the Dungeon.
You were a bat.
You visited 1 branch of the dungeon, and saw 2 of its levels.

You collected 92 gold pieces.


Innate Abilities, Weirdness & Mutations

You are a bat.
You are tiny and dextrous.
You move quickly.
You are flying.
Your equipment is almost entirely melded.
You are incapable of wielding weapons or throwing items.
You cannot cast spells.
((You have a beak for a mouth.))
((You have claws for feet.))


   Skills:
 - Level 2.0 Fighting
 + Level 4.0 Axes
 - Level 1.0 Throwing
 - Level 1.1 Armour
 - Level 2.1 Dodging
 - Level 2.0 Spellcasting
 - Level 2.4 Translocations


You had 6 spell levels left.
You didn't know any spells.
Your spell library contained the following spells:

 Spells                   Type           Power      Damage    Failure   Level
 Blink                    Tloc           14%        N/A       14%         2
 Gell's Gravitas          Tloc           7%         N/A       28%         3
 Lesser Beckoning         Tloc           7%         N/A       28%         3
 Teleport Other           Tloc           7%         N/A       28%         3
 Manifold Assault         Tloc           7%         N/A       95%         5

Inventory:

Hand Weapons
 d - a +0 whip of freezing
 Y - a +0 hand axe (melded)
Armour
 b - a +0 leather armour (melded)
 g - a +0 plate armour
Scrolls
 c - 3 scrolls of butterflies {unknown}
 h - a scroll of teleportation {unknown}
Potions
 a - a potion of berserk rage {unknown}
 f - a potion of brilliance {unknown}

Dungeon Overview and Level Annotations

Branches:
Dungeon (2/15)

Altars:
Xom

Shops:
D:1 [

Annotations:
D:2 Sigmund


Message History

Sigmund is lightly wounded.
Sigmund misses you.
You barely miss Sigmund.
Sigmund is lightly wounded.
You hit Sigmund but do no damage.
Sigmund is lightly wounded.
Sigmund gestures wildly while chanting.
Sigmund flickers and vanishes!
Deactivating autopickup; reactivate with Ctrl-A.
You hit something but do no damage. Something hits you.
You closely miss something. Something hits you!
Ouch! That really hurt!
You closely miss something. You barely miss something. Something misses you.
You hit something but do no damage. You hit something.
You hear some strange, mumbled words.
You are confused.
You're too confused to attack without stumbling around!
There is a strange disturbance nearby!
Something closely misses you.
You're too confused to attack without stumbling around!
There is a strange disturbance nearby!
Something closely misses you.
You're too confused to attack without stumbling around!
There is a strange disturbance nearby!
You're too confused to attack without stumbling around!
There is a strange disturbance nearby!
You hear some strange, mumbled words.
Something tries to affect you, but you resist.
You're too confused to attack without stumbling around!
There is a strange disturbance nearby!
Something closely misses you.
You're too confused to attack without stumbling around!
There is a strange disturbance nearby!
Something hits you.
You die...

#.# ....#.###..............#
#.#.#.................######
#.# <.................# #.#
..................# #..
..........#######.# ###
#.........# #.# #.[.......#
#.# #.........# #.#
#......b..# #......{..#
#.........# ###.....###
#$#.#.# #.#.#.# . ..#.# #
.###.#


There were no monsters in sight!

Vanquished Creatures
  An adder (D:2)
  An endoplasm (D:2)
  3 giant cockroaches (D:2)
  3 goblins
  4 jackals
  2 quokkas (D:1)
  2 ball pythons
  4 bats (D:1)
  A frilled lizard (D:1)
  2 rats
23 creatures vanquished.

Vanquished Creatures (others)
  6 plants (D:1)
6 creatures vanquished.

Grand Total: 29 creatures vanquished

Notes
Turn   | Place    | Note
-------+----------+-------------------------------------------
     0 | D:1      | qw the Tengu Warper began the quest for the Orb.
     0 | D:1      | Reached XP level 1. HP: 12/12 MP: 4/4
     0 | D:1      | 0 ||| qw: Version: 0.1-a-89-g26bdef1
     0 | D:1      | 0 ||| qw: Game counter: 914
     0 | D:1      | 0 ||| qw: Always use a shield: true
     0 | D:1      | 0 ||| qw: God list: Okawaru
     0 | D:1      | 0 ||| qw: Allow faded altars: false
     0 | D:1      | 0 ||| qw: Do Orc after D:15 true
     0 | D:1      | 0 ||| qw: Do second Lair branch before Depths: true
     0 | D:1      | 0 ||| qw: Lair rune preference: random
     0 | D:1      | 0 ||| qw: Plans: Normal
     0 | D:1      | 0 ||| PLANNING D:1-11
   189 | D:1      | Reached XP level 2. HP: 10/17 MP: 6/6
   191 | D:1      | Reached skill level 3 in Axes
   366 | D:1      | Found Guchiati's Antique Armour Boutique.
   371 | D:1      | 371 ||| SHOPLISTING bloodstained plate armour (700 gold,
                  | have 42).
   371 | D:1      | 371 ||| SHOPLISTING opalescent robe (142 gold, have 42).
   371 | D:1      | 371 ||| SHOPLISTING ring mail (100 gold, have 42).
   371 | D:1      | 371 ||| SHOPLISTING scale mail (100 gold, have 42).
   919 | D:1      | 919 ||| READING scroll labelled EJONAJ QOYNITS.
   920 | D:1      | 920 ||| READING scroll labelled ULOONW SOEHIE.
   921 | D:1      | 921 ||| DRINKING 2 viscous inky potions.
   922 | D:1      | 922 ||| DROPPING scroll of blinking.
   935 | D:2      | 935 ||| Stepping ~*~*~tactically~*~*~ (stealth).
   937 | D:2      | 937 ||| Stepping ~*~*~tactically~*~*~ (stealth).
   949 | D:2      | Reached XP level 3. HP: 21/21 MP: 7/7
   983 | D:2      | 983 ||| Stepping ~*~*~tactically~*~*~ (stealth).
   985 | D:2      | 985 ||| Stepping ~*~*~tactically~*~*~ (stealth).
  1154 | D:2      | Reached skill level 4 in Axes
  1184 | D:2      | Found a shimmering altar of Xom.
  1244 | D:2      | Noticed Sigmund
  1253 | D:2      | 1253 ||| DRINKING potion of curing.
  1253 | D:2      | 1253 ||| (to cure confusion)
  1274 | D:2      | HP: 5/21 [something (11)]
  1284 | D:2      | Slain by Sigmund

Levels and vault maps discovered:
D:1:      lemuel_arrival_broad_hall, layout_basic, serial_shops,
          nicolae_shop_hallway_plus, kennysheep_boxes
D:2:      layout_basic, basic_altar, kennysheep_donut,
          nicolae_elevator_lobby_plus, uniq_sigmund

Skill      XL: |  1  2  3 |
---------------+----------+-----
Axes           | 3 4 |  4.0
Fighting       | |  2.0
Throwing       | |  1.0
Armour         | |  1.1
Dodging        | |  2.1
Spellcasting   | |  2.0
Translocations | |  2.4

Action                   || total
-------------------------++-------
Melee: Hand axe          ||    54
       Kick              ||    11
       Peck              ||     8
       Unarmed           ||     9
Throw: Boomerang         ||     7
  Use: Scroll            ||     2
       Potion            ||     2
Armor: Leather armour    ||    16
       Skin              ||     1
Dodge: Dodged            ||    34

Table legend:
 A = Non-vault XP
 B = Vault XP
 C = Vault XP percentage of total XP
 D = Non-vault monster count
 E = Vault monster count
 F = Vault count percentage of total count
                 A         B        C        D         E       F
            +---------+---------+-------+---------+---------+-------
      Total |      50 |       0 |   0.0 |      23 |       0 |   0.0
            +---------+---------+-------+---------+---------+-------
        D:1 |      19 |       0 |   0.0 |      13 |       0 |   0.0
        D:2 |      31 |       0 |   0.0 |      10 |       0 |   0.0
            +---------+---------+-------+---------+---------+-------
